 Dungeon Crawl Stone Soup version 0.29-a0-352-g0917bc69df (webtiles) character file.

Game seed: 13849361868668046393

934 siradein the Skirmisher (level 7, -5/71 HPs)
             Began as a Troll Fighter on Apr 25, 2022.
             Killed by divine providence
             ... invoked by an orc priest
              (12 damage)
             ... on level 4 of the Dungeon.
             The game lasted 00:13:58 (3976 turns).

siradein the Skirmisher (Troll Fighter)             Turns: 3976, Time: 00:13:59

Health: -5/71      AC:  4    Str: 27      XL:     7   Next: 86%
Magic:  6/6        EV:  9    Int:  4      God:
Gold:   107        SH:  7    Dex:  6 (9)  Spells: 6/6 levels left

rFire   . . .      SeeInvis .   a - +0 war axe
rCold   . . .      Faith    .   c - +0 kite shield
rNeg    . . .      Spirit   .   b - +0 robe
rPois   .          Reflect  .   (helmet restricted)
rElec   .          Harm     .   (no cloak)
rCorr   .          Rampage  .   (gloves unavailable)
Will    .....                   (boots unavailable)
Stlth   +.........              (no amulet)
HPRegen 1.01/turn               (no ring)
MPRegen 0.10/turn               (no ring)

@: mighty, lethally poisoned (-5 -> -10)
A: large, unfitting armour, claws 3, regeneration 1, shaggy fur 1, tough skin 1
a: no special abilities


You were on level 4 of the Dungeon.
You visited 1 branch of the dungeon, and saw 4 of its levels.
You also visited: Sewer.

You collected 107 gold pieces.

Inventory:

Hand Weapons
 a - a +0 war axe (weapon)
Missiles
 q - 5 atropa-tipped darts
 u - 21 poisoned darts (quivered)
Armour
 b - a +0 robe (worn)
 c - a +0 kite shield (worn)
Wands
 k - a wand of polymorph (4)
 r - a wand of charming (1)
Scrolls
 f - a scroll of blinking
 g - a scroll of torment {unknown}
 h - a scroll of enchant weapon {unknown}
 i - 2 scrolls of magic mapping {unknown}
 j - a scroll of teleportation
 n - a scroll of acquirement {unknown}
 o - 2 scrolls of immolation {unknown}
 p - a scroll of fog {unknown}
 t - a scroll of vulnerability {unknown}
 w - a scroll of holy word {unknown}
Potions
 e - 2 potions of flight
 l - a potion of heal wounds
 m - 3 potions of magic {unknown}
 s - a potion of degeneration {unknown}
 v - 2 potions of invisibility {unknown}
 z - 2 potions of mutation {unknown}


   Skills:
 + Level 4.4 Fighting
 + Level 4.0 Axes
 + Level 4.4 Dodging
 + Level 4.4 Shields


You had 6 spell levels left.
You didn't know any spells.
Your spell library contained the following spells:

 Spells                   Type           Power      Damage    Failure   Level
 Summon Small Mammal      Summ           0%         N/A       78%         1
 Call Canine Familiar     Summ           0%         N/A       98%         3
 Gell's Gravitas          Tloc           0%         N/A       98%         3
 Summon Guardian Golem    Hex/Summ       0%         N/A       98%         3
 Teleport Other           Tloc           0%         N/A       98%         3
 Tukima's Dance           Hex            0%         N/A       98%         3
 Passage of Golubria      Tloc           0%         N/A       100%        4
 Yara's Violent Unravell  Hex/Tmut       0%         3d3       100%        5
 Dispersal                Tloc           0%         N/A       100%        6


Dungeon Overview and Level Annotations

Branches:
Dungeon (4/15)              Sewer (visited)
 Temple: D:4-7

Altars:
Makhleb

Annotations:
D:4 3 runed translucent doors, sammy202020's ghost, amateur MiBe


Innate Abilities, Weirdness & Mutations

You are too large for most types of armour.
You have claws for hands.
Your natural rate of healing is unusually fast.
You are covered in fur. (AC +1)
You have tough skin. (AC +1)


Message History

The water moccasin bites you.
You are poisoned.
The water moccasin poisons you!
You slash the water moccasin!
The water moccasin is heavily wounded.
You feel very sick.
The water moccasin bites you but does no damage.
The orc priest mumbles some strange prayers to Beogh against you.
Beogh smites you!
* * * LOW HITPOINT WARNING * * *
The water moccasin bites you.
* * * LOW HITPOINT WARNING * * *
You feel much better.
You feel sick.
The water moccasin bites you but does no damage.
The orc priest begins to cast a cantrip, but forgets the words!
You feel very mighty all of a sudden.
You feel sick.
The water moccasin bites you but does no damage.
The water moccasin closely misses you.
The orc wizard gestures wildly while chanting.
The orc wizard flickers and vanishes!
Deactivating autopickup; reactivate with Ctrl-A.
You slash the water moccasin!
The water moccasin is almost dead.
You feel sick. The water moccasin bites you.
The orc priest invokes the aid of Beogh against you.
Beogh smites you!
* * * LOW HITPOINT WARNING * * *
The water moccasin bites you.
* * * LOW HITPOINT WARNING * * *
You are more poisoned.
The water moccasin poisons you!
You closely miss the water moccasin.
The water moccasin is almost dead.
* * * LOW HITPOINT WARNING * * *
You feel very sick. You block the water moccasin's attack.
The orc priest calls down the wrath of Beogh upon you.
Beogh smites you!
You die...

#...........#
####...######
##.## #.# #.#
#.# #.# ##
#.# .#. #@#
.... #S# ...#
#o# #...# #o#
#....
#o####..###..
#{..ooo......
########...#.
.#


You could see a water moccasin, an orc priest and 2 orcs.

Vanquished Creatures
  Grinder (Sewer)
  Sigmund (D:3)
  An orc warrior (D:4)
  A phantom (D:4)
  A kobold brigand (Sewer)
  A necrophage (D:4)
  A crimson imp (Sewer)
  A quasit (Sewer)
  A hound (D:4)
  An iguana (D:4)
  3 adders (D:2)
  A river rat (D:4)
  A shadow imp (Sewer)
  3 ufetubi (Sewer)
  4 worms
  2 orcs (D:4)
  A bat zombie (Sewer)
  7 endoplasms
  8 giant cockroaches
  4 goblins
  6 hobgoblins
  14 kobolds
  8 quokkas
  6 ball pythons
  3 bats
  3 frilled lizards
  6 rats
90 creatures vanquished.

Vanquished Creatures (collateral kills)
  An orc priest (D:4)
  An orc wizard (D:4)
  An orc (D:4)
3 creatures vanquished.

Grand Total: 93 creatures vanquished

Notes
Turn   | Place    | Note
-------+----------+-------------------------------------------
     0 | D:1      | siradein the Troll Fighter began the quest for the Orb.
     0 | D:1      | Reached XP level 1. HP: 22/22 MP: 0/0
   356 | D:1      | Reached XP level 2. HP: 29/29 MP: 1/1
  1151 | D:2      | Reached XP level 3. HP: 30/36 MP: 2/2
  1675 | D:2      | Reached XP level 4. HP: 42/44 MP: 3/3
  2549 | D:3      | Noticed Sigmund
  2562 | D:3      | Killed Sigmund
  2563 | D:3      | Reached XP level 5. HP: 53/53 MP: 4/4
  2656 | D:3      | Found a burning altar of Makhleb.
  2752 | D:4      | Found a runed translucent gate.
  2752 | D:4      | Found a runed translucent gate.
  2752 | D:4      | Found a runed translucent gate.
  2779 | D:4      | Reached XP level 6. HP: 44/61 MP: 5/5
  2917 | D:4      | Noticed sammy202020's ghost (amateur MiBe)
  3048 | D:4      | Noticed an orc warrior
  3161 | D:4      | Killed an orc warrior
  3162 | D:4      | Reached XP level 7. HP: 61/68 MP: 6/6
  3247 | D:4      | Found a glowing drain.
  3251 | Sewer    | Entered a sewer
  3360 | Sewer    | Found a burning altar of Makhleb.
  3419 | Sewer    | Noticed Grinder
  3455 | Sewer    | Killed Grinder
  3976 | D:4      | Killed from afar by an orc priest

Illustrated notes

Levels and vault maps discovered:
D:1:      mrwooster_arrival_statue, layout_basic, hangedman_decor_push
D:2:      layout_basic, nicolae_underground_beach
D:3:      layout_basic, lightli_temple_of_fire, uniq_sigmund
D:4:      layout_loops_ring, ebering_ghost_rock_garden, gup_sewer_entry_spiral,
          serial_shops, nicolae_stop_n_shop_1, uniq_menkaure

Skill      XL: |  1  2  3  4  5  6  7 |
---------------+----------------------+-----
Axes           | 2 3 4 |  4.0
Dodging        | 3 4 |  4.4
Fighting       | 3 4 |  4.4
Shields        | 3 4 |  4.4

Action                   |  1- 3 |  4- 6 |  7- 9 || total
-------------------------+-------+-------+-------++-------
Melee: War axe           |   106 |   104 |   141 ||   351
Throw: Dart              |       |     5 |       ||     5
Evoke: Wand              |       |     3 |     2 ||     5
  Use: Potion            |       |     2 |     2 ||     4
       Scroll            |       |     3 |     1 ||     4
 Stab: Sleeping          |       |       |     1 ||     1
Armor: Robe              |    50 |    27 |    87 ||   164
Dodge: Dodged            |    49 |    55 |   111 ||   215
Block: Kite shield       |    39 |    47 |    76 ||   162

Table legend: (Time is in decaauts)
 A = Elapsed time spent in this place.
 B = Non-inter-level travel time spent in this place.
 C = Inter-level travel time spent in this place.
 D = Time resting spent in this place.
 E = Time spent auto-exploring this place.
 F = Levels seen in this place.
 G = Mean time per level.
                   A        B        C        D        E       F      G
               +--------+--------+--------+--------+--------+-----+--------+
         Total |   4193 |   4095 |     98 |     16 |   2775 |   5 |  838.6 |
       Dungeon |   3674 |   3576 |     98 |      9 |   2517 |   4 |  918.5 |
         Sewer |    518 |    518 |      0 |      7 |    258 |   1 |  518.0 |
               +--------+--------+--------+--------+--------+-----+--------+

Top non-repeatable levels by time:
     D:1: 1061 daAuts
     D:2: 1045 daAuts
     D:4: 852 daAuts
     D:3: 715 daAuts
   Sewer: 518 daAuts
